 Seeded DCSS version 0.29-a0-356-g7bc237e783 (webtiles) character file.

Game seed: 13387057801375688922 (custom seed)

21198 zeratav the Severer (level 12, -3/101 HPs)
             Began as a Hill Orc Fighter on Apr 25, 2022.
             Was an Elder of Qazlal.
             Slain by an orc warlord
             ... wielding a +2 vorpal long sword
              (22 damage)
             ... on level 2 of the Orcish Mines.
             The game lasted 00:26:54 (14735 turns).

zeratav the Severer (Hill Orc Fighter)             Turns: 14735, Time: 00:26:54

Health: -3/101     AC: 24    Str: 24    XL:     12   Next: 87%
Magic:  20/23      EV:  7    Int:  8    God:    Qazlal [****..]
Gold:   1326       SH: 10    Dex: 10    Spells: 11/11 levels left

rFire   . . .      SeeInvis .   g - +3 broad axe (freeze) {axe}
rCold   . . .      Faith    +   c - +0 buckler
rNeg    . . .      Spirit   .   X - +0 plate armour
rPois   .          Reflect  .   A - +1 helmet
rElec   .          Harm     .   (no cloak)
rCorr   .          Rampage  .   p - +0 pair of gloves
Will    +....                   s - +1 pair of boots
Stlth   ..........              o - amulet of faith {!P}
HPRegen 0.26/turn               Q - +4 ring of protection
MPRegen 0.18/turn               w - ring of willpower

@: repel missiles
A: no striking features
a: Renounce Religion, Upheaval, Elemental Force


You were on level 2 of the Orcish Mines.
You worshipped Qazlal.
Qazlal was greatly pleased with you.
You visited 3 branches of the dungeon, and saw 14 of its levels.

You collected 1326 gold pieces.


   Skills:
 - Level 8.0 Fighting
 - Level 18.0 Axes
 - Level 10.0 Armour
 - Level 5.0 Shields
 + Level 14.7 Invocations


You had 11 spell levels left.
You didn't know any spells.
Your spell library contained the following spells:

 Spells                   Type           Power      Damage    Failure   Level
 Magic Dart               Conj           0%         1d3       99%         1
 Sandblast                Erth           0%         2d4       99%         1
 Passwall                 Tmut/Erth      0%         N/A       100%        2
 Searing Ray              Conj           0%         2d4       100%        2
 Sublimation of Blood     Necr           0%         N/A       100%        2
 Wereblood                Tmut           0%         N/A       100%        2
 Portal Projectile        Hex/Tloc       0%         N/A       100%        3
 Stone Arrow              Conj/Erth      0%         3d7       100%        3
 Fulminant Prism          Conj/Hex       0%         3d6       100%        4
 Blade Hands              Tmut           0%         N/A       100%        5
 Excruciating Wounds      Necr           0%         N/A       100%        5
 Summon Hydra             Summ           0%         N/A       100%        7

Inventory:

Hand Weapons
 g - a +3 broad axe of freezing (weapon) {axe}
   (You acquired it on level 6 of the Dungeon)
 K - a +1 double sword of holy wrath {longrare=g}
   (You took it off Urug on level 10 of the Dungeon)
Armour
 c - a +0 buckler (worn)
 k - a +0 robe
   (You took it off an orc wizard on level 2 of the Orcish Mines)
 p - a +0 pair of gloves (worn)
   (You found it on level 2 of the Dungeon)
 s - a +1 pair of boots (worn)
   (You found it on level 7 of the Dungeon)
 v - a +0 leather armour
   (You took it off an orc on level 2 of the Orcish Mines)
 A - a +1 helmet (worn)
   (You found it on level 3 of the Dungeon)
 B - a +2 leather armour of positive energy
   (You took it off an orc on level 10 of the Dungeon)
 C - a +0 robe
   (You took it off an orc wizard on level 2 of the Orcish Mines)
 X - a +0 plate armour (worn)
   (You found it on level 6 of the Dungeon)
Jewellery
 a - a +6 ring of strength
   (You found it on level 6 of the Dungeon)
 b - a ring of positive energy
   (You found it on level 10 of the Dungeon)
 h - the ring "Jesk" {Dex+6 Slay+3}
   (You acquired it on level 6 of the Dungeon)

   [ring of dexterity]

   Dex:       It affects your dexterity (+6).
   Slay:      It affects your accuracy & damage with ranged weapons and melee
   (+3).
 o - an amulet of faith (around neck) {!P}
   (You found it on level 2 of the Dungeon)
 t - a ring of flight
   (You found it on level 7 of the Dungeon)
 w - a ring of willpower (right hand)
   (You found it on level 11 of the Dungeon)
 Q - a +4 ring of protection (left hand)
   (You found it on level 4 of the Dungeon)
 W - an amulet of regeneration {@e2}
   (You found it on level 5 of the Dungeon)
Wands
 i - a wand of charming (13)
   (You found it on level 6 of the Dungeon)
 q - a wand of acid (12)
   (You found it on level 7 of the Dungeon)
 y - a wand of polymorph (4)
   (You found it on level 11 of the Dungeon)
 F - a wand of flame (14)
   (You found it on level 11 of the Dungeon)
Scrolls
 e - 8 scrolls of teleportation {@r4}
 j - a scroll of enchant armour
 m - 3 scrolls of fear
 u - 2 scrolls of enchant weapon
 P - 6 scrolls of holy word
 R - 2 scrolls of brand weapon
 S - a scroll of blinking {!r}
 V - 2 scrolls of immolation {!r!r}
 Z - a scroll of fog
Potions
 d - 2 potions of might
 f - 11 potions of curing {@q1}
 l - 5 potions of attraction {!q}
 n - 2 potions of flight
 r - 2 potions of lignification {!q}
 x - 2 potions of berserk rage {unknown}
 z - a potion of cancellation {unknown}
 D - 3 potions of ambrosia
 E - 2 potions of mutation {unknown}
 I - a potion of resistance {unknown}

Dungeon Overview and Level Annotations

Branches:
Dungeon (11/15)            Temple (1/1) D:7            Lair (0/6) D:11
    Orc (2/2) D:9             Elf (0/3) Orc:2

Altars:
Ashenzari
Cheibriados
Dithmenos
Fedhas
Gozag
Hepliaklqana
Kikubaaqudgha
Makhleb
Nemelex Xobeh
Okawaru
Qazlal
Ru
Sif Muna
Trog
Uskayaw
Vehumet
Wu Jian
Xom
Yredelemnul
Zin
The Shining One
Beogh

Shops:
D:11 :   Orc:2 (=

Portals:
Trove: D:10 (give 7 scrolls of fear)

Annotations:
D:2 1 runed translucent door, Crazy Yiuf
D:7 2 transporters, sirJeffrey23's ghost, novice DsMo
D:8 3 runed translucent doors, Psyclone's ghost, novice DEIE

.... ##.......### #...... ....#
##..........# .......
.....##...........##.......
.........................#
#........................#
#.........####..∩.....###
.#........## #..○○...##
#.......)o.####...§...# ###
..........o.)###@°...## ###..
........o..)))#o##....# ##....
.........##'##oT.#....# ##.....
.....#####.).##.####.######......
..).#####.8.8.#.# ####.#.#..#..
.).)[.#.#.....#..### #..........
...)....#.8.8.#.##.## ##.#.......
#.....#.##._.####.#.####.....#...
.........#######..####......#....


You could see an orc warlord, a troll and an orc warrior (strong).


Message History

HP[-19] MP[+1]
You take 19 damage, and now have 3/101 hp.
You feel better.
Your surroundings suddenly seem different.
HP[+11]
You regained 11 hp, and now have 14/101 hp.
HP[+1] MP[+1] HP[+1]
You start resting.
You hear a shout! x2
An orc is nearby!
HP[+11] MP[+8]
You regained 11 hp, and now have 27/101 hp.
You regained 8 mp, and now have 21/22 mp.
You slice the orc!! You freeze the orc.
You kill the orc!
Qazlal accepts your kill.
The orc warrior shouts!
The orc shouts!
You see here a +0 mace {mace}.
HP[+1]
You hear a shout!
You hear a shout!
MP[+1]
Your mp is fully restored (22).
You hit the orc. You freeze the orc.
You kill the orc!
Qazlal accepts your kill.
You hear a shout!
You hear a shout! x2
You block the orc warrior's attack.
Things that are here:
a +0 hand axe {axe}; an orc corpse; HP[+1]
The orc priest shouts, "Surrender to Beogh and we'll let you live!"
You slash the orc warrior! You freeze the orc warrior.
The orc warrior hits you but does no damage.
You barely miss the orc warrior.
The orc priest threatens, "By the altar or by the axe, you will meet Beogh!"
You slash the orc priest! You freeze the orc priest.
You kill the orc priest!
Qazlal accepts your kill.
The orc priest shouts, "Surrender to Beogh and we'll let you live!"
You hear a shout!
You see here a +0 mace {mace}.
The orc warrior attacks as you move away!
The orc warrior hits you with a +0 long sword.
* * * LOW HITPOINT WARNING * * *
The orc warrior attacks as you move away!
The orc warrior hits you but does no damage.
You slash the orc warrior! You freeze the orc warrior.
You kill the orc warrior!
Qazlal accepts your kill.
You hear a shout!
You hear a shout!
You block the orc's attack.
Things that are here:
a +0 long sword {long}; a +0 plate armour; an orc corpse HP[+1] MP[+1]
Your mp is fully restored (23).
You slash the orc! You freeze the orc.
You kill the orc!
Qazlal accepts your kill.
You barely miss the orc. You block the orc's attack.
You hit the orc. You freeze the orc.
You kill the orc!
Qazlal accepts your kill.
Items here: )) [ ††.
The orc priest invokes the aid of Beogh against you.
You easily resist.
The orc warlord roars a battlecry!
The orc priest goes into a battle-frenzy!
Things that are here:
a +0 long sword {long}; a +0 plate armour; an orc corpse HP[+1]
The orc priest mumbles some strange prayers to Beogh against you.
You easily resist.
You hit the orc warlord but do no damage.
You block the orc warlord's attack.
You barely miss the orc warlord.
The orc warlord hits you but does no damage.
You slash the orc warlord! You freeze the orc warlord.
You slice the orc warlord!! You freeze the orc warlord!
The orc warlord hits you with a +2 vorpal long sword!
* * * LOW HITPOINT WARNING * * *
x2 HP[-12]
You take 12 damage, and now have 19/101 hp.
You hit the orc warlord but do no damage.
You hear a shout!
You block the orc warlord's attack.
Aiming: Upheaval
Press: ? - help, Dir - move target, f - orc, p - orc warlord
Aim: an orc, wielding a +0 hand axe (strong)
The ground shakes violently, spewing rubble!
The blast of rubble hits the orc priest!
The blast of rubble hits the orc warlord!!
The blast of rubble hits the orc!!
You kill the orc!
Qazlal accepts your kill.
The orc warlord hits you with a +2 vorpal long sword!!
You die...

Skill      XL: |  1  2  3  4  5  6  7  8  9 10 11 12 |
---------------+-------------------------------------+-----
Axes           | 3 4 5 6 8 9 10 11 15 18 | 18.0
Fighting       | 7 8 |  8.0
Armour         | 6 10 | 10.0
Shields        | 5 |  5.0
Invocations    | 8 14 | 14.7

Action                   |  1- 3 |  4- 6 |  7- 9 | 10-12 || total
-------------------------+-------+-------+-------+-------++-------
Melee: War axe           |    77 |    90 |       |       ||   167
       Club              |       |    58 |   147 |       ||   205
       Broad axe         |       |       |    93 |   386 ||   479
Invok: Upheaval          |       |       |       |     9 ||     9
Evoke: Wand              |       |       |     1 |       ||     1
  Use: Scroll            |       |       |    10 |    10 ||    20
       Potion            |       |       |       |     3 ||     3
 Stab: Distracted        |       |     2 |     1 |       ||     3
       Sleeping          |       |     1 |       |       ||     1
Armor: Scale mail        |    38 |    45 |    49 |       ||   132
       Plate armour      |       |       |   114 |   194 ||   308
Dodge: Dodged            |    43 |    72 |    97 |    71 ||   283
Block: Buckler           |    19 |    38 |    75 |   133 ||   265

Levels and vault maps discovered:
D:1:      saegor_arrival_fortress, layout_rooms,
          shapermc_ecumenical_altar_acropolis, hangedman_decor_riveting
D:2:      layout_loops_corners, serial_rivers, chequers_serial_rivers_micro_a,
          chequers_serial_rivers_room_b, chequers_serial_rivers_large_b,
          chequers_serial_rivers_micro_b, minmay_randomly_rotated_circles,
          uniq_crazy_yiuf_cottage, uniq_terence, uniq_jessica
D:3:      layout_loops_cross, nicolae_overflow_hidden_temple
D:4:      layout_basic, lemuel_crystal_altar, mainiacjoe_overflow_alcove_2,
          minmay_distorted
D:5:      minmay_evil_eye, layout_cave_pools, minmay_crystal_room
D:6:      layout_cave_pools, kennysheep_donut, minmay_misc_feat_tower
D:7:      nicolae_cairo_tiling_very_big, layout_loops_ring,
          minmay_temple_entry_mini_moons, gammafunk_ghost_berserking_beasts
D:8:      layout_basic, ebering_ghost_rock_garden
D:9:      layout_stronghold, mainiacjoe_overflow_boulevard, david_orc_1_choice
D:10:     layout_irregular_city, mainiacjoe_overflow_cross_hatched,
          mainiacjoe_overflow_divided_tiny, enter_trove_1, serial_column_ruins,
          column_ruins_square_small, column_ruins_square_large,
          column_ruins_open_small, column_ruins_open_tiny,
          column_ruins_open_small, column_ruins_columns_corner,
          column_ruins_columns_T, minmay_fractal_squares_diagonal_5, uniq_snorg,
          uniq_gastronok, uniq_urug
D:11:     layout_basic, grunt_lair_entry_orc_guard_hut, serial_shops,
          nicolae_shop_hallway_stairs, glass_columns_a, uniq_nergalle
Temple:   regret_index_temple_generic_petals
Orc:1:    layout_diamond_mine, serial_shops, nicolae_shop_bloodbath_and_beyond,
          portal_ice_cave_entry_pillars_2
Orc:2:    grunt_orc_community_town_hall, layout_diamond_mine,
          grunt_orc_community_big_house_1, grunt_orc_community_big_house_1,
          grunt_orc_community_house_3, grunt_orc_community_house_3,
          grunt_orc_community_house_3, grunt_orc_community_house_2, basic_altar,
          gauntlet_entry_generic, kennysheep_orc_chapel

Notes
Turn   | Place    | Note
-------+----------+-------------------------------------------
     0 | D:1      | zeratav the Hill Orc Fighter began the quest for the Orb.
     0 | D:1      | Reached XP level 1. HP: 19/19 MP: 1/1
     0 | D:1      | magus.rc [v1.9.6]
    84 | D:1      | Reached skill level 3 in Axes
   101 | D:1      | Reached XP level 2. HP: 14/26 MP: 2/2
   371 | D:1      | Reached skill level 4 in Axes
   587 | D:1      | You pick up a book of Geomancy and begin reading...
   587 | D:1      | You add the spells Sandblast, Passwall and Stone Arrow to
                  | your library.
   768 | D:1      | You pick up a book of Blood and begin reading...
   768 | D:1      | You add the spells Sublimation of Blood, Wereblood and
                  | Summon Hydra to your library.
   942 | D:1      | Found a faded altar of an unknown god.
  1057 | D:2      | Reached XP level 3. HP: 25/31 MP: 3/3
  1160 | D:2      | Noticed Terence
  1166 | D:2      | Killed Terence
  1167 | D:2      | Reached skill level 5 in Axes
  1167 | D:2      | Reached XP level 4. HP: 34/39 MP: 4/4
  1323 | D:2      | HP: 9/39 [poisoned by an adder]
  1329 | D:2      | Reached skill level 6 in Axes
  2092 | D:2      | Found a runed translucent door.
  2093 | D:2      | Noticed Crazy Yiuf
  2382 | D:2      | Noticed Jessica
  2387 | D:2      | Killed Jessica
  2388 | D:2      | Reached XP level 5. HP: 41/45 MP: 5/5
  2794 | D:3      | Reached skill level 7 in Axes
  3439 | D:3      | Reached skill level 8 in Axes
  3465 | D:3      | Reached XP level 6. HP: 51/51 MP: 6/6
  3674 | D:4      | Found a shimmering altar of Xom.
  3690 | D:4      | Reached skill level 9 in Axes
  3786 | D:4      | Reached XP level 7. HP: 23/57 MP: 7/7
  4028 | D:4      | Reached skill level 10 in Axes
  4028 | D:4      | Reached skill level 4 in Fighting
  4279 | D:4      | Found a blossoming altar of Fedhas.
  4432 | D:4      | Reached skill level 5 in Fighting
  4671 | D:5      | Entered Level 5 of the Dungeon
  5131 | D:6      | Reached skill level 6 in Fighting
  5184 | D:6      | Reached skill level 7 in Fighting
  5184 | D:6      | Reached XP level 8. HP: 69/73 MP: 8/8
  5330 | D:6      | Reached skill level 8 in Fighting
  5424 | D:6      | Reached skill level 4 in Armour
  5424 | D:6      | Reached skill level 4 in Shields
  5656 | D:6      | Identified 2 scrolls of acquirement
  5656 | D:6      | Acquired the ring "Jesk" {Dex+6 Slay+3}
  5660 | D:6      | Acquired a +3 broad axe of freezing
  5872 | D:7      | Reached skill level 5 in Armour
  5872 | D:7      | Reached skill level 5 in Shields
  6161 | D:7      | Found a staircase to the Ecumenical Temple.
  6173 | Temple   | Entered the Ecumenical Temple
  6409 | Temple   | Became a worshipper of Qazlal Stormbringer
  6518 | D:7      | Reached skill level 6 in Armour
  6518 | D:7      | Reached XP level 9. HP: 45/81 MP: 9/9
  6837 | D:7      | Found a transporter.
  6838 | D:7      | Noticed sirJeffrey23's ghost (novice DsMo)
  6840 | D:7      | Noticed a catoblepas
  6842 | D:7      | Noticed a moth of wrath
  6854 | D:7      | Found a transporter.
  7003 | D:8      | Reached skill level 7 in Armour
  7434 | D:8      | Noticed a cyclops
  7443 | D:8      | Reached * piety under Qazlal
  7446 | D:8      | Killed a cyclops
  7447 | D:8      | Reached skill level 8 in Armour
  7470 | D:8      | Found a runed translucent gate.
  7471 | D:8      | Found a runed translucent gate.
  7471 | D:8      | Found a runed translucent gate.
  7471 | D:8      | Noticed Psyclone's ghost (novice DEIE)
  7637 | D:9      | Noticed a tengu conjurer
  7637 | D:9      | Noticed a tengu warrior
  7639 | D:9      | Reached skill level 9 in Armour
  7650 | D:9      | HP: 20/81 [tengu warrior/+0 great sword (6)]
  7655 | D:9      | HP: 13/81 [tengu warrior/+0 great sword (1)]
  7657 | D:9      | Killed a tengu conjurer
  7661 | D:9      | Killed a tengu warrior
  7662 | D:9      | Reached skill level 10 in Armour
  7662 | D:9      | Reached skill level 11 in Axes
  7662 | D:9      | Reached XP level 10. HP: 9/88 MP: 10/10
  8121 | D:9      | Found a staircase to the Orcish Mines.
  8153 | D:9      | Reached skill level 12 in Axes
  8325 | D:9      | Reached ** piety under Qazlal
  8395 | D:9      | Found a glowing silver altar of Zin.
  8545 | D:9      | Noticed a two-headed ogre
  8548 | D:9      | Killed a two-headed ogre
  8549 | D:9      | Reached skill level 13 in Axes
  8950 | D:10     | Entered Level 10 of the Dungeon
  8950 | D:10     | Noticed a green ugly thing
  8957 | D:9      | Killed a green ugly thing
  8958 | D:9      | Reached skill level 14 in Axes
  9190 | D:10     | Noticed a two-headed ogre
  9194 | D:9      | Reached skill level 15 in Axes
  9308 | D:9      | Killed a two-headed ogre
  9439 | D:10     | Reached XP level 11. HP: 94/94 MP: 11/11
  9462 | D:10     | Noticed a two-headed ogre
  9468 | D:10     | Killed a two-headed ogre
  9469 | D:10     | Reached skill level 16 in Axes
  9681 | D:10     | Found a portal to a secret trove of treasure.
  9700 | D:10     | Reached skill level 17 in Axes
  9732 | D:10     | Noticed Urug
  9745 | D:10     | Killed Urug
  9747 | D:10     | K - a +1 double sword of holy wrath {longrare=g}
  9957 | D:10     | Found an opulent altar of Gozag.
  9958 | D:10     | Found a hide-covered altar of Uskayaw.
  9997 | D:10     | Found a hazy altar of Hepliaklqana.
 10026 | D:10     | Noticed Gastronok
 10058 | D:10     | Killed Gastronok
 10059 | D:10     | Reached skill level 18 in Axes
 10059 | D:10     | Reached skill level 2 in Invocations
 10214 | D:10     | Reached skill level 3 in Invocations
 10339 | D:10     | Noticed Snorg
 10349 | D:10     | Killed Snorg
 10350 | D:10     | Reached skill level 4 in Invocations
 10430 | D:10     | Noticed a two-headed ogre
 10438 | D:10     | Killed a two-headed ogre
 10439 | D:10     | Reached skill level 6 in Invocations
 10628 | D:11     | Reached skill level 7 in Invocations
 10654 | D:11     | You pick up a book of Conjurations {@e2} and begin
                  | reading...
 10654 | D:11     | You add the spells Magic Dart, Searing Ray and Fulminant
                  | Prism to your library.
 10693 | D:11     | Reached *** piety under Qazlal
 10734 | D:11     | Noticed a two-headed ogre
 10742 | D:11     | Killed a two-headed ogre
 10743 | D:11     | Reached skill level 8 in Invocations
 10743 | D:11     | Reached XP level 12. HP: 80/101 MP: 16/18
 10962 | D:11     | You pick up a book of Weapons and begin reading...
 10962 | D:11     | You add the spells Portal Projectile, Excruciating Wounds
                  | and Blade Hands to your library.
 11255 | D:11     | Found a staircase to the Lair.
 11263 | D:11     | Reached skill level 9 in Invocations
 11873 | D:11     | Noticed Nergalle
 11908 | D:11     | Killed Nergalle
 11909 | D:11     | Reached skill level 10 in Invocations
 12756 | D:11     | Found Mirex's Book Emporium.
 13011 | Orc:1    | Entered Level 1 of the Orcish Mines
 13114 | Orc:2    | Entered Level 2 of the Orcish Mines
 13119 | Orc:2    | Reached skill level 11 in Invocations
 13196 | Orc:2    | Found a bloodstained altar of Trog.
 13374 | Orc:2    | Found a staircase to the Elven Halls.
 13385 | Orc:2    | Found a roughly hewn altar of Beogh.
 13397 | Orc:2    | Reached skill level 12 in Invocations
 13472 | Orc:2    | Reached **** piety under Qazlal
 13491 | Orc:2    | Found a roughly hewn altar of Beogh.
 13491 | Orc:2    | Noticed an orc high priest
 13492 | Orc:2    | Noticed a soul eater
 13513 | Orc:2    | HP: 21/101 [soul eater/drain life[an orc high priest] (11)]
 13516 | Orc:2    | Killed an orc high priest
 13517 | Orc:2    | Reached skill level 13 in Invocations
 14147 | Orc:2    | Found a roughly hewn altar of Beogh.
 14148 | Orc:2    | Found Edocufi's Weapon Boutique.
 14351 | Orc:2    | Found a roughly hewn altar of Beogh.
 14355 | Orc:2    | Found Huvuiw's Jewellery Boutique.
 14641 | Orc:2    | Reached skill level 14 in Invocations
 14641 | Orc:2    | Noticed an orc warlord
 14650 | Orc:2    | Noticed an orc high priest
 14652 | Orc:2    | Noticed a sun demon
 14656 | Orc:2    | Noticed a sun demon
 14656 | Orc:2    | HP: 22/101 [sun demon[an orc high priest] (17)]
 14657 | Orc:2    | HP: 5/101 [orc warlord/+2 vorpal long sword (17)]
 14733 | Orc:2    | HP: 22/101 [orc warlord/+2 vorpal long sword (10)]
 14735 | Orc:2    | Slain by an orc warlord

Vanquished Creatures
  Gastronok (D:10)
  Snorg (D:10)
  5 two-headed ogres
  A tengu warrior (D:9)
  An orc high priest (Orc:2)
  Nergalle (D:11)
  Urug (D:10)
  An orc sorcerer (Orc:2)
  An orc knight (Orc:2)
  2 ugly things
  3 cyclopes
  A gargoyle (D:10)
  2 komodo dragons (D:11)
  A tengu conjurer (D:9)
  6 trolls
  A shadow (D:11)
  4 yaks
  A vampire (D:9)
  A wraith (D:11)
  A steam dragon (D:7)
  4 vampire mosquitoes (D:10)
  3 wargs (Orc:2)
  2 acid dragons
  2 water moccasins
  A black bear (D:4)
  33 orc warriors
  5 ogres
  2 phantoms
  7 bullfrogs
  A scorpion (D:6)
  4 wights (D:10)
  13 killer bees
  4 howler monkeys
  8 electric eels (D:11)
  3 jellies
  2 hounds (D:6)
  20 orc priests
  Jessica (D:2)
  Terence (D:2)
  6 iguanas
  12 orc wizards
  12 adders
  A shadow imp (D:8)
  A white imp (D:7)
  2 worms (D:2)
  A dart slug (D:3)
  72 orcs
  12 ball pythons
  4 bats
  8 endoplasms
  7 giant cockroaches
  8 goblins
  9 hobgoblins
  3 jackals (D:5)
  5 quokkas
  4 frilled lizards (D:1)
  2 kobolds (D:1)
  6 rats
327 creatures vanquished.

Vanquished Creatures (others)
  5 fungi (D:11)
  5 plants (D:11)
10 creatures vanquished.

Grand Total: 337 creatures vanquished

Table legend:
 A = Non-vault XP
 B = Vault XP
 C = Vault XP percentage of total XP
 D = Non-vault monster count
 E = Vault monster count
 F = Vault count percentage of total count
                 A         B        C        D         E       F
            +---------+---------+-------+---------+---------+-------
      Total |   15857 |   14430 |  47.6 |     234 |      93 |  28.4
            +---------+---------+-------+---------+---------+-------
        D:1 |      29 |       0 |   0.0 |      20 |       0 |   0.0
        D:2 |      79 |      82 |  50.9 |      21 |       8 |  27.6
        D:3 |     133 |       0 |   0.0 |      20 |       0 |   0.0
        D:4 |     657 |      38 |   5.5 |      27 |       3 |  10.0
        D:5 |      12 |       0 |   0.0 |       5 |       0 |   0.0
        D:6 |     907 |       0 |   0.0 |      20 |       0 |   0.0
        D:7 |     563 |       0 |   0.0 |      13 |       0 |   0.0
        D:8 |     841 |       0 |   0.0 |       9 |       0 |   0.0
        D:9 |    3094 |    2724 |  46.8 |      21 |      15 |  41.7
       D:10 |    2712 |    4656 |  63.2 |      25 |       8 |  24.2
       D:11 |    3635 |    1659 |  31.3 |      21 |       6 |  22.2
      Orc:2 |    3195 |    5271 |  62.3 |      32 |      53 |  62.4
            +---------+---------+-------+---------+---------+-------

Illustrated notes

Table legend:
 A = Kills in this place as a percentage of kills in entire the game.
 B = Kills by you in this place as a percentage of kills by you in the entire game.
 C = Kills by friends in this place as a percentage of kills by friends in the entire game.
 D = Other kills in this place as a percentage of other kills in the entire game.
 E = Experience gained in this place as a percentage of experience gained in the entire game.
 F = Experience gained in this place divided by the number of levels of this place that you have seen.
                   A       B       C       D       E      F
               +-------+-------+-------+-------+-------+----------------------
         Total | 100.0 | 100.0 |   N/A |   N/A | 100.0 | 2163.4
       Dungeon |  74.0 |  74.0 |   N/A |   N/A |  72.0 | 1983.7
  Orcish Mines |  26.0 |  26.0 |   N/A |   N/A |  28.0 | 4233.0
               +-------+-------+-------+-------+-------+----------------------

Table legend: (Time is in decaauts)
 A = Elapsed time spent in this place.
 B = Non-inter-level travel time spent in this place.
 C = Inter-level travel time spent in this place.
 D = Time resting spent in this place.
 E = Time spent auto-exploring this place.
 F = Levels seen in this place.
 G = Mean time per level.
                   A        B        C        D        E       F      G
               +--------+--------+--------+--------+--------+-----+--------+
         Total |  14847 |  14401 |    446 |   3469 |   8597 |  14 | 1060.5 |
       Dungeon |  12909 |  12517 |    392 |   2715 |   7929 |  11 | 1173.5 |
        Temple |    253 |    209 |     44 |      0 |    197 |   1 |  253.0 |
  Orcish Mines |   1683 |   1673 |     10 |    753 |    471 |   2 |  841.5 |
               +--------+--------+--------+--------+--------+-----+--------+

Top non-repeatable levels by time:
    D:11: 2336 daAuts
     D:2: 1871 daAuts
     D:9: 1676 daAuts
   Orc:2: 1582 daAuts
    D:10: 1212 daAuts
     D:4: 1030 daAuts
     D:1: 1023 daAuts
     D:7: 892 daAuts
     D:3: 863 daAuts
     D:8: 845 daAuts
     D:6: 703 daAuts
     D:5: 454 daAuts
  Temple: 253 daAuts
   Orc:1: 101 daAuts
